Map: Prion Terraces

Players

Kronosys - Winner!

  • Race: Terran Terran

lesha

  • Race: Terran Terran
  • League: Silver

VOD

Have the link to the VOD?

Description

Time

  • Played on: Jan. 2, 2016, 11:28 a.m.
  • Length: 8:25
Show
View Real Time Build Order
Export as new Build Order

Kronosys Terran - Winner!

Build Orders: Command Center First (CC) 

Get SALT Encoding   

  12  0:01  SCV  
  13  0:13  SCV  
  14  0:19  Supply Depot  
  14  0:25  SCV  
  15  0:41  SCV  
  16  0:53  SCV  
  17  1:01  Command Center  
  17  1:08  SCV  
  18  1:18  Barracks  
  18  1:25  Refinery  
  18  1:36  SCV  
  19  1:43  Supply Depot  
  19  1:48  Refinery  
  19  1:53  SCV  
  20  2:13  SCV  
  21  2:21  Reaper  
  21  2:30  Orbital Command  
  21  2:32  Orbital Command  
  21  2:44  Factory  
  21  2:53  Reaper  
  22  3:07  SCV  
  22  3:08  SCV  
  24  3:31  Starport  
  24  3:32  Factory Tech Lab  
  24  3:39  Barracks Tech Lab  
  24  3:41  SCV  
  24  3:42  SCV, Barracks x2  
  26  3:54  SCV  
  26  3:55  SCV  
  28  4:01  Stimpack, Liberator  
  28  4:04  Siege Tank  
  28  4:08  Refinery  
  28  4:09  SCV, Refinery  
  33  4:10  SCV  
  33  4:20  Marine  
  33  4:24  SCV x2  
  39  4:37  Barracks Reactor x2  
  39  4:45  SCV x2  
  41  4:58  Siege Tank  
  44  5:00  Marine  
  44  5:02  SCV  
  44  5:06  Starport Reactor  
  46  5:09  Command Center, Supply Depot  
  46  5:13  SCV  
  47  5:16  SCV  
  47  5:18  Supply Depot, Marine x3  
  47  5:20  Marine  
  52  5:25  SCV  
  53  5:31  Bunker  
  53  5:39  Marine x5  
  58  5:46  Siege Tank  
  61  5:57  Liberator  
  61  6:02  Marine  
  61  6:03  Marine x3  
  65  6:15  SCV  
  69  6:19  Siege Tank  
  72  6:29  Marine x2  
  72  6:30  Marine x2  
  76  6:37  Marine  
  77  6:40  SCV x2  
  79  6:51  Siege Tank  
  79  6:53  Marine x4  
  86  6:55  Marine  
  87  7:07  Medivac x2  
  91  7:10  Marine x2  
  91  7:12  Supply Depot  
  91  7:13  Supply Depot x2  
  93  7:16  Orbital Command  
  93  7:19  Engineering Bay  
  93  7:34  Marine  
Show
View Real Time Build Order
Export as new Build Order

lesha Terran 

Build Orders: Reaper Expand, MMM Bio 

Get SALT Encoding   

  12  0:01  SCV  
  13  0:13  SCV  
  14  0:18  Supply Depot  
  14  0:26  SCV  
  15  0:40  SCV  
  15  0:41  Barracks  
  16  0:46  Refinery  
  16  0:52  SCV  
  17  1:04  SCV  
  18  1:16  SCV  
  19  1:29  Orbital Command  
  19  1:31  Reaper  
  20  1:53  Command Center  
  19  2:16  Marine  
  19  2:18  SCV  
  21  2:29  Bunker  
  21  2:30  SCV  
  22  2:38  Refinery  
  22  2:41  Barracks  
  22  2:42  SCV  
  22  2:43  Factory  
  23  3:04  SCV  
  24  3:09  Supply Depot  
  23  3:13  Orbital Command  
  23  3:16  SCV  
  24  3:23  Barracks  
  24  3:26  Barracks  
  24  3:28  SCV  
  24  3:30  Barracks Reactor  
  24  3:33  Supply Depot  
  24  3:34  Factory Reactor  
  25  3:41  SCV x2  
  27  3:55  Barracks Reactor  
  27  4:10  Marine  
  27  4:11  Marine  
  27  4:12  Barracks Tech Lab  
  27  4:14  Starport  
  29  4:28  Factory Reactor  
  29  4:40  Marine x2  
  29  4:41  Marine x4  
  29  4:43  Marauder  
  29  4:44  Stimpack  
  37  4:56  SCV x2  
  37  4:58  Marine x2  
  41  5:08  SCV x2  
  41  5:09  Marine x4  
  41  5:10  Supply Depot  
  41  5:11  Supply Depot  
  41  5:12  Supply Depot  
  47  5:20  SCV  
  48  5:22  Factory Reactor  
  48  5:24  SCV  
  48  5:28  Refinery  
  49  5:30  Refinery  
  49  5:32  SCV  
  50  5:36  SCV, Engineering Bay  
  50  5:39  Medivac x2  
  50  5:41  Marine x2  
  51  6:11  Missile Turret  
  51  6:18  Missile Turret  
  51  6:19  Missile Turret  
  51  6:20  Marine x2  
  51  6:21  Marine x5  
  51  6:23  Missile Turret  
  53  6:38  Marine x3  
  56  6:45  Combat Shields  
  56  6:52  Marine x2  
  58  7:02  SCV x2  
  60  7:14  SCV x2  
  62  7:23  Marine  
  62  7:24  Marine x4  
  62  7:26  SCV x2  
  69  7:38  SCV x2  
Tags
 
Add a new tag
Caveats
  • Supply blocks, unpowered buildings, or Contaminate may cause inaccurate times.
  • Supply counts are checked every 10 seconds.